 Dungeon Crawl Stone Soup version 0.32-a0-732-ga344392067 (webtiles) character file.

Game seed: 16883343383472485619

314174 Dirtsage the Skinwalker (level 20, -13/140 HPs)
             Began as an Octopode Shapeshifter on Mar 14, 2024.
             Was the Champion of the Shining One.
             Killed from afar by a deep elf elementalist (16 damage)
             ... with a blast of rock fragments
             ... on level 3 of the Elven Halls on Mar 16, 2024.
             The game lasted 01:53:27 (41918 turns).

Dirtsage the Skinwalker (Octopode Shapeshifter)    Turns: 41918, Time: 01:53:27

Health: -13/140    AC: 12    Str: 20    XL:     20   Next: 93%
Magic:  29/29      EV: 43    Int: 16    God:    the Shining One [******]
Gold:   2002       SH: 15    Dex: 25    Spells: 19/19 levels left

rFire   + .          .
                       - Unarmed
rCold   + + .        (shield currently unavailable)
rNeg    + + +        (helmet currently unavailable)
rPois   ∞            Z - amulet of reflection
rElec   +            j - ring of protection from cold
rCorr   +            c - +6 ring of strength
SInv    .            H - ring "Obeihowa" {Wiz Int+3}
Will    +....        J - +6 ring of dexterity
Stlth   +            I - ring of protection from cold
HPRegen 0.43/turn    N - +4 ring of slaying
MPRegen 0.21/turn    F - ring of protection from fire
                     R - ring "Lyinouzu" {^Drain rCorr Slay+5}

%: reflection, wizardry (x1)
@: divinely shielded, about to teleport, storm-form, flying, glowing, studying 2
skills
A: cleaving, insubstantial, flying, almost no armour, amphibious, 8 rings,
(camouflage 1), (gelatinous body 1), (nimble swimmer 1), (tentacles)
}: 3/15 runes: barnacled, abyssal, gossamer
a: Blinkbolt, Begin Untransformation, Renounce Religion, Divine Shield,
Cleansing Flame, Summon Divine Warrior, Brand Weapon With Holy Wrath


You were on level 3 of the Elven Halls.
You worshipped the Shining One.
The Shining One was exalted by your worship.
You were a lightning-filled tempest!
You visited 7 branches of the dungeon, and saw 34 of its levels.
You visited the Abyss 1 time.
You also visited: Sewer, Gauntlet and Ice Cave.

You collected 3114 gold pieces.
You spent 1112 gold pieces at shops.

Inventory:

Jewellery
 c - a +6 ring of strength (right tentacle)
 j - a ring of protection from cold (left tentacle)
 F - a ring of protection from fire (on tentacle)
 H - the ring "Obeihowa" (on tentacle) {Wiz Int+3}
   (You acquired it on level 13 of the Dungeon)

   [ring of wizardry]

   Wiz:       It improves your spell success rate.
   Int+3:     It affects your intelligence (+3).
 I - a ring of protection from cold (on tentacle)
 J - a +6 ring of dexterity (on tentacle)
 N - a +4 ring of slaying (on tentacle)
 R - the ring "Lyinouzu" (on tentacle) {^Drain rCorr Slay+5}
   (You found it on level 5 of the Lair of Beasts)

   [ring of resist corrosion]

   Slay+5:    It affects your accuracy & damage with ranged weapons and melee
   (+5).
   rCorr:     It protects you from acid and corrosion.
   ^Drain:    It drains your maximum health when unequipped.
 X - a ring of fire
 Z - an amulet of reflection (around neck)
Talismans
 u - a granite talisman
 C - a storm talisman (active)
Wands
 k - a wand of flame (5)
 D - a wand of digging (3)
 G - a wand of iceblast (9)
 O - a wand of mindburst (13)
 Q - a wand of paralysis (28)
 U - a wand of acid (4)
Scrolls
 b - 5 scrolls of enchant armour
 g - 3 scrolls of fear
 i - 15 scrolls of identify
 o - 8 scrolls of vulnerability
 p - 3 scrolls of summoning
 t - 7 scrolls of teleportation
 v - 2 scrolls of immolation
 w - 6 scrolls of amnesia
 A - 6 scrolls of noise
 B - 2 scrolls of blinking
 E - 6 scrolls of poison
 K - 5 scrolls of fog
 L - a scroll of silence
 M - 3 scrolls of revelation
Potions
 a - 4 potions of lignification
 d - 4 potions of might
 e - 4 potions of mutation
 h - 5 potions of haste
 l - 12 potions of heal wounds
 n - a potion of resistance
 q - 11 potions of curing
 r - 5 potions of brilliance
 s - 3 potions of enlightenment
 x - 7 potions of attraction
 y - 5 potions of magic
 P - 7 potions of ambrosia
 V - 3 potions of cancellation
Miscellaneous
 f - a condenser vane
 Y - a lightning rod (inert)


   Skills:
 + Level 13.3 Fighting
 + Level 13.2 Dodging
 * Level 14.8 Unarmed Combat
 + Level 6.9 Ice Magic
 + Level 6.8 Earth Magic
 - Level 12.0 Invocations
 * Level 23.5 Shapeshifting


You had 19 spell levels left.
You didn't know any spells.
Your spell library contained the following spells:

 Spells                   Type           Power      Damage    Failure   Level
 Ensorcelled Hibernation  Hex/Ice        22%        N/A       4%          2
 Hailstorm                Conj/Ice       11%        3d6       8%          3
 Summon Ice Beast         Ice/Summ       11%        N/A       8%          3
 Foxfire                  Conj/Fire      0%         2x1d4     11%         1
 Shock                    Conj/Air       0%         1d3       11%         1
 Sting                    Conj/Alch      0%         1d3       11%         1
 Summon Small Mammal      Summ           0%         N/A       11%         1
 Call Imp                 Summ           0%         N/A       16%         2
 Lesser Beckoning         Tloc           0%         N/A       16%         2
 Mercury Vapours          Alch/Air       0%         N/A       16%         2
 Lee's Rapid Deconstruct  Erth           10%        3d8*      16%         5
 Call Canine Familiar     Summ           0%         N/A       28%         3
 Fugue of the Fallen      Necr           0%         N/A       28%         3
 Gell's Gravitas          Tloc           0%         N/A       28%         3
 Inner Flame              Hex/Fire       0%         N/A       28%         3
 Mephitic Cloud           Conj/Alch/Air  0%         N/A       28%         3
 Swiftness                Air            0%         N/A       28%         3
 Teleport Other           Tloc           0%         N/A       28%         3
 Tukima's Dance           Hex            0%         N/A       28%         3
 Borgnjor's Vile Clutch   Necr/Erth      5%         N/A       52%         5
 Metabolic Englaciation   Hex/Ice        5%         N/A       52%         5
 Airstrike                Air            0%         2d(0-16)  65%         4
 Anguish                  Hex/Necr       0%         N/A       65%         4
 Cause Fear               Hex            0%         N/A       65%         4
 Dimensional Bullseye     Hex/Tloc       0%         N/A       65%         4
 Flame Wave               Conj/Fire      0%         2d4       65%         4
 Ignite Poison            Fire/Alch      0%         N/A       65%         4
 Iskenderun's Mystic Bla  Conj/Tloc      0%         2d3       65%         4
 Olgreb's Toxic Radiance  Alch           0%         N/A       65%         4
 Passage of Golubria      Tloc           0%         N/A       65%         4
 Sticky Flame             Fire/Alch      0%         2d4       65%         4
 Summon Blazeheart Golem  Fire/Summ      0%         N/A       65%         4
 Summon Lightning Spire   Summ/Air       0%         N/A       65%         4
 Permafrost Eruption      Ice/Erth       11%        2x4d4     65%         6
 Freezing Cloud           Conj/Ice/Air   3%         6-21      69%         5
 Alistair's Intoxication  Alch           0%         N/A       93%         5
 Fireball                 Conj/Fire      0%         3d3       93%         5
 Irradiate                Conj/Alch      0%         3d11      93%         5
 Silence                  Hex/Air        0%         N/A       93%         5
 Sculpt Simulacrum        Ice/Alch       5%         N/A       97%         6
 Eringya's Noxious Bog    Alch           0%         4d6       100%        6
 Summon Cactus Giant      Summ           0%         N/A       100%        6
 Orb of Destruction       Conj           0%         9d5       100%        7
 Spellforged Servitor     Conj/Summ      0%         N/A       100%        7
 Summon Hydra             Summ           0%         N/A       100%        7
 Ignition                 Fire           0%         3d3       100%        8
 Lehudib's Crystal Spear  Conj/Erth      5%         10d3      100%        8
 Dragon's Call            Summ           0%         N/A       100%        9
 Polar Vortex             Ice            11%        12d1*     100%        9
 Sublimation of Blood     Necr           Unusable   N/A       N/A         2
 Animate Armour           Summ/Erth      Unusable   N/A       N/A         4

Dungeon Overview and Level Annotations

Branches:
Dungeon (15/15)            Temple (1/1) D:7            Lair (5/5) D:8
 Shoals (4/4) Lair:3       Spider (4/4) Lair:2        Slime (0/5) Lair:4
    Orc (2/2) D:10            Elf (3/3) Orc:2        Vaults (0/5) D:13
 Depths (0/4) D:15          Sewer (visited)           IceCv (visited)
Gauntlet (visited)

Altars:
Ashenzari
Cheibriados
Dithmenos
Elyvilon
Fedhas
Gozag
Hepliaklqana
Kikubaaqudgha
Makhleb
Nemelex Xobeh
Okawaru
Qazlal
Ru
Sif Muna
Trog
Uskayaw
Vehumet
Wu Jian
Xom
Yredelemnul
Zin
The Shining One
Beogh
Jiyva
Lugonu

Shops:
D:1 ([(=(   D:2 (   D:6 [   D:8 [!   D:10 [[   Orc:2 *[!?[   Elf:3 [

Portals:
Abyss: Lair:5

Annotations:
Lair:2 2 transporters, Konar's ghost, journeyman CoHu
Lair:5 exclusion: oklob plant


Innate Abilities, Weirdness & Mutations

You are a lightning-filled tempest!
Your electrical attacks strike out in all directions at once.
You are incredibly evasive.
Your insubstantial body is immune to petrification, constriction, and being set on fire You are flying.
Your armour is entirely melded.
You are incapable of wielding weapons or throwing items.
You cannot wear most types of armour.
You are amphibious.
You can wear up to eight rings at the same time.
You are immune to poison.
((Your skin changes colour to match your surroundings (Stealth+).))
((Your rubbery body absorbs attacks. (AC +1, EV +1)))
((You are camouflaged when in or above water. (Stealth+)))
((You have tentacles for arms and can constrict up to eight enemies at once.))


Message History

The deep elf elementalist gestures next to you while chanting.
The wall shatters!
The blast of rock fragments hits you!!
The deep elf elementalist casts a spell next to you.
The wall shatters!
The blast of rock fragments hits you!
A deep elf pyromancer comes into view. It is wielding a +0 rapier.
A deep elf elementalist comes into view.
It is wielding a +0 dagger.
You take 24 damage, and have 105/140 hp.
The deep elf blademaster completely misses you.
You block the deep elf blademaster's attack.
A deep elf annihilator comes into view. It is wielding a +0 rapier.
The deep elf blademaster hits you with a +0 short sword!!
The deep elf blademaster misses you.
The deep elf elementalist casts a spell next to you.
The wall shatters!
The blast of rock fragments hits you!!!
Items here: )) [ ††.
You take 59 damage, and have 46/140 hp.
MASSIVE DAMAGE!!
You blast the deep elf blademaster!!!
You punch the deep elf blademaster!
The deep elf blademaster is severely wounded.
The deep elf blademaster completely misses you.
The deep elf blademaster hits you but does no damage.
The deep elf pyromancer casts a spell.
As you read the scroll of teleportation, it crumbles to dust.
You feel strangely unstable.
The deep elf high priest invokes the aid of its god against you.
Something smites you!
* * * LOW HITPOINT WARNING * * *
The deep elf annihilator mumbles some strange words.
The deep elf annihilator blinks!
A deep elf zephyrmancer comes into view.
It is wielding a +0 long sword.
The deep elf elementalist casts a spell next to you.
The wall shatters!
The blast of rock fragments hits you!!
* * * LOW HITPOINT WARNING * * *
A deep elf annihilator comes into view. It is wielding a +0 long sword.
The deep elf zephyrmancer casts a spell.
The deep elf zephyrmancer blinks!
The deep elf blademaster hits you but does no damage.
You block the deep elf blademaster's attack.
The deep elf elementalist casts a spell next to you.
The wall shatters!
The blast of rock fragments hits you!
You die...

#.........#
####.......##
#.........##
##.####...##
#.=# #.##
#.## ## #.#
#)# #v# #e#
#e#


#eee# #EeEe.# #.§EeEe.# #.....eee.# #e.ee..e.e.e# #.e....#......# You could see
a deep elf blademaster, a deep elf death mage (empowered), 3 deep elf
annihilators, a deep elf sorcerer (empowered), 3 deep elf elementalists, 2 deep
elf high priests, 2 deep elf pyromancers, 2 deep elf zephyrmancers and 3 fire
elementals.

Vanquished Creatures
  Arachne (Spider:3)
  Nikola (Shoals:3)
  2 bone dragons
  Jorgrun (Shoals:3)
  Mlioglotl (Shoals:1)
  A lich (Abyss:2)
  2 deep elf blademasters
  A sphinx (Shoals:4)
  Polyphemus (Shoals:2)
  9 tentacled starspawn
  Aizul (Spider:3)
  Donald (Shoals:2)
  Roxanne (Shoals:3)
  Ilsuiw (Shoals:3)
  5 ghost moths
  7 deep elf sorcerers
  Louise (Shoals:1)
  A deep elf elementalist (Elf:3)
  3 very ugly things
  2 broodmothers
  A green draconian (Abyss:3)
  5 spark wasps
  4 deep elf annihilators (Elf:3)
  4 minotaurs
  A dire elephant (D:15)
  A green death (Abyss:3)
  3 merfolk impalers
  2 spectral krakens (Shoals:1)
  3 merfolk javelineers
  A crystal guardian (Abyss:3)
  3 entropy weavers
  A deep elf high priest (Elf:3)
  4 hydras
  A rakshasa (Abyss:2)
  4 vault guards (D:13)
  Erolcha (Orc:2)
  2 ogre magi (Orc:2)
  An ice dragon (Elf:1)
  The ghost of Xoff the Destroyer, a journeyman GnCj of Vehumet (Lair:1)
  A caustic shrike simulacrum (IceCv)
  A fenstrider witch skeleton (Abyss:2)
  3 centaur warriors
  6 catoblepae
  3 ghost crabs (Shoals:1)
  The ghost of senseless the Fighter, a novice MiGl of Okawaru (D:9)
  A merfolk avatar (Shoals:2)
  A jorogumo (Spider:4)
  25 dancing weapons
  The ghost of Mulldrifter the Skirmisher, a journeyman FoHs of Okawaru (D:9)
  2 radroaches
  3 boulder beetles
  A merfolk aquamancer (Shoals:4)
  9 satyrs
  3 tengu warriors
  14 two-headed ogres
  15 death yaks
  8 demonic crawlers
  11 thrashing horrors
  4 orc high priests
  A titan zombie (Abyss:3)
  A hell hog (Abyss:3)
  The ghost of Konar the Skirmisher, a novice CoHu of Okawaru (D:9)
  2 skysharks
  Sonja (Lair:3)
  18 deep elf knights
  2 wretched stars (Abyss:3)
  7 pharaoh ants
  A sixfirhy (Abyss:2)
  10 skeletal warriors
  A glowing orange brain (Abyss:2)
  7 sea snakes
  6 large abominations
  9 orb spiders
  An orange crystal statue (IceCv)
  12 deep elf archers
  4 steelbarb worms
  2 deep trolls (Orc:2)
  25 starcursed masses
  27 deep elf pyromancers
  39 deep elf zephyrmancers
  A thermic dynamo (Elf:1)
  9 harpies
  4 oklob plants (Lair:3)
  4 orc sorcerers
  3 ugly things
  12 fauns
  A salamander (D:15)
  18 wolf spiders
  A worldbinder (Abyss:3)
  A centaur zombie (Abyss:2)
  15 manticores
  12 elephants
  3 moths of wrath
  12 cyclopes
  An orc zombie (Abyss:2)
  5 water nymphs
  A black mamba (Lair:1)
  6 merfolk sirens
  5 smoke demons
  A rust devil (Abyss:3)
  5 orange demons
  A centaur skeleton (Abyss:2)
  8 cane toads
  5 torpor snails
  2 spectral sea snakes (Shoals:1)
  2 unseen horrors
  3 yaktaurs (D:12)
  2 rime drakes
  An efreet (D:13)
  2 freezing wraiths (IceCv)
  4 tengu conjurers
  2 spectral merfolk (Shoals:1)
  A golden dragon simulacrum (IceCv)
  An anaconda simulacrum (Abyss:2)
  7 komodo dragons
  12 trolls
  3 ancient zymes
  2 polar bears
  15 merfolk
  A troll (shapeshifter) (Lair:5)
  A hornet (D:9)
  20 tarantellas
  5 snapping turtles
  4 dream sheep (Shoals:2)
  18 raiju
  6 wind drakes
  29 blink frogs
  A spectral black mamba (Gauntlet)
  A spectral wind drake (Shoals:1)
  5 air elementals
  21 culicivoras
  28 slime creatures
  19 jumping spiders
  3 shadows (Gauntlet)
  18 water elementals
  10 wyverns
  A centaur simulacrum (Gauntlet)
  3 vampires
  15 small abominations
  54 yaks
  3 ynoxinuls
  A dire elephant simulacrum (IceCv)
  5 fire bats
  5 fire elementals
  A wraith (D:10)
  2 neqoxecs
  4 wargs
  43 redbacks
  4 vampire mosquitoes (D:13)
  Menkaure (D:7)
  6 basilisks
  6 chaos spawn
  A spectral snapping turtle (Shoals:1)
  2 acid dragons
  2 harpy simulacra (IceCv)
  18 water moccasins
  A hell hound (Orc:2)
  21 orc warriors
  A sky beast (D:6)
  6 laughing skulls
  23 ogres
  A black bear (D:6)
  16 wolves
  7 centaurs
  2 kobold brigands
  8 bullfrogs
  3 earth elementals (Elf:1)
  A scorpion (D:5)
  13 wights
  15 killer bees
  9 howler monkeys
  3 electric eels
  A quasit (Abyss:3)
  4 hounds
  4 jellies
  3 bombardier beetles
  15 orc priests
  A sleepcap (D:5)
  6 iguanas
  A hell rat (Sewer)
  Natasha (D:2)
  24 orc wizards
  12 gnolls
  2 river rats (Sewer)
  9 adders
  A shadow imp (D:5)
  A white imp (D:5)
  5 ufetubi
  3 dart slugs
  4 ribbon worms
  79 orcs
  6 ball pythons
  16 endoplasms
  7 giant cockroaches
  9 goblins
  7 hobgoblins
  2 jackals (D:1)
  13 kobolds
  3 quokkas
  7 bats
  A frilled lizard (D:1)
  15 rats
  9 starspawn tentacles (Abyss:2)
  6 tentacles (Shoals:1)
1343 creatures vanquished.

Vanquished Creatures (collateral kills)
  A hell hog (Abyss:3)
  A shadow demon (Abyss:3)
  2 anaconda simulacra (IceCv)
  3 small abominations
  A spriggan (Lair:5)
  A fire bat (shapeshifter) (Lair:5)
  A water moccasin (Lair:5)
  An ettin simulacrum (IceCv)
11 creatures vanquished.

Vanquished Creatures (others)
  A centaur warrior (D:13)
  A deep elf knight (Elf:2)
  A deep elf archer (Elf:1)
  2 deep elf pyromancers (Elf:1)
  A faun (Shoals:2)
  A yaktaur (D:12)
  A merfolk (Shoals:3)
  A water elemental (D:12)
  4 slime creatures (D:12)
  An electric eel (D:12)
  19 starspawn tentacles
  18 tentacles (Shoals:1)
51 creatures vanquished.

Grand Total: 1405 creatures vanquished

Notes
Turn   | Place    | Note
-------+----------+-------------------------------------------
     0 | D:1      | Dirtsage the Octopode Shapeshifter began the quest for the
                  | Orb.
     0 | D:1      | Reached XP level 1. HP: 13/13 MP: 1/1
    48 | D:1      | Found Micuqar's Armour Boutique.
   144 | D:1      | Reached XP level 2. HP: 9/18 MP: 2/2
   329 | D:1      | Found Sauquhe's Weapon Shop.
   412 | D:1      | Found Gakkyar's Jewellery Shoppe.
   416 | D:1      | Reached XP level 3. HP: 19/23 MP: 3/3
   580 | D:1      | Found Laeveca's Antique Weapon Shoppe.
   762 | D:1      | Found Seoti's Weapon Shoppe.
  1052 | D:2      | Reached XP level 4. HP: 25/29 MP: 4/4
  1238 | D:2      | Noticed Natasha
  1243 | D:2      | Killed Natasha
  1244 | D:2      | Reached skill level 4 in Shapeshifting
  1390 | D:2      | Reached XP level 5. HP: 34/34 MP: 5/5
  1598 | D:2      | Found Piry's Weapon Shop.
  1972 | D:3      | Found a glowing drain.
  1989 | Sewer    | Entered a sewer
  2700 | D:3      | Reached XP level 6. HP: 39/41 MP: 6/6
  2981 | D:4      | Found a white marble altar of Elyvilon.
  2988 | D:4      | Reached skill level 5 in Shapeshifting
  3596 | D:5      | Entered Level 5 of the Dungeon
  3597 | D:5      | Noticed a water moccasin
  3610 | D:5      | Killed a water moccasin
  3611 | D:5      | Reached XP level 7. HP: 45/45 MP: 7/7
  3745 | D:5      | Reached skill level 6 in Shapeshifting
  3978 | D:5      | Reached skill level 7 in Shapeshifting
  5006 | D:6      | Reached XP level 8. HP: 38/51 MP: 8/8
  5045 | D:6      | Found Ogyh's Armour Shop.
  5074 | D:6      | Reached skill level 8 in Shapeshifting
  5249 | D:6      | Found a basalt altar of Yredelemnul.
  5286 | D:6      | Found a hazy altar of Hepliaklqana.
  5659 | D:6      | Found a bloodstained altar of Trog.
  5672 | D:6      | Reached skill level 5 in Unarmed Combat
  5672 | D:6      | Reached skill level 9 in Shapeshifting
  5988 | D:7      | Found a shimmering altar of Xom.
  6007 | D:7      | Found a staircase to the Ecumenical Temple.
  6019 | Temple   | Entered the Ecumenical Temple
  6034 | Temple   | Became a worshipper of the Shining One
  6046 | D:7      | Upgraded the game from 0.32-a0-705-g60f233581c to
                  | 0.32-a0-732-ga344392067
  6141 | D:7      | Found a shadowy altar of Dithmenos.
  6148 | D:7      | Reached XP level 9. HP: 46/57 MP: 9/9
  6513 | D:7      | Noticed Menkaure
  6527 | D:7      | Killed Menkaure
  6527 | D:7      | Reached * piety under the Shining One
  6866 | D:8      | Reached skill level 1 in Invocations
  6939 | D:8      | Noticed a death yak
  6956 | D:8      | Noticed a two-headed ogre
  6957 | D:8      | Killed a death yak
  6964 | D:8      | Reached XP level 10. HP: 55/65 MP: 11/11
  6985 | D:7      | Reached skill level 10 in Shapeshifting
  7080 | D:8      | Killed a two-headed ogre
  7081 | D:8      | Reached skill level 5 in Fighting
  7340 | D:8      | Found Zieh's Distillery.
  7343 | D:8      | Bought a potion of curing for 36 gold pieces
  7343 | D:8      | Bought a potion of degeneration for 12 gold pieces
  7343 | D:8      | Bought a potion of might for 48 gold pieces
  7364 | D:8      | Found a staircase to the Lair.
  7513 | D:8      | Found a hide-covered altar of Uskayaw.
  7584 | D:8      | Reached skill level 5 in Dodging
  7628 | D:8      | Found Luusiric's Armour Shop.
  7630 | D:8      | Found a broken altar of Ashenzari.
  7700 | D:8      | Reached ** piety under the Shining One
  8078 | D:9      | Found an opulent altar of Gozag.
  8144 | D:9      | Found a runed translucent gate.
  8145 | D:9      | Found a runed translucent gate.
  8146 | D:9      | Found a runed translucent gate.
  8442 | D:9      | Noticed Mulldrifter's ghost (journeyman FoHs)
  8443 | D:9      | Noticed Konar's ghost (novice CoHu)
  8443 | D:9      | Noticed senseless's ghost (novice MiGl)
  8590 | D:10     | Entered Level 10 of the Dungeon
  8720 | D:10     | Reached XP level 11. HP: 68/72 MP: 14/14
  9006 | D:10     | Reached skill level 11 in Shapeshifting
  9290 | D:10     | Found a roughly hewn altar of Beogh.
  9290 | D:10     | Found a staircase to the Orcish Mines.
  9344 | D:10     | Found Lucior's Armour Boutique.
  9417 | D:10     | Found Emicubby's Armour Boutique.
  9591 | D:1      | Bought a +6 ring of dexterity for 432 gold pieces
  9591 | D:1      | Bought a ring of resist corrosion for 240 gold pieces
  9731 | Lair:1   | Entered Level 1 of the Lair of Beasts
  9775 | Lair:1   | Reached skill level 5 in Invocations
  9816 | Lair:1   | Reached *** piety under the Shining One
 10046 | Lair:1   | Noticed a death yak
 10118 | Lair:1   | Found a gate leading to a gauntlet.
 10131 | Gauntlet | Entered a Gauntlet
 10131 | Gauntlet | Found a transporter.
 10135 | Gauntlet | Noticed a tengu warrior
 10141 | Gauntlet | Found a transporter.
 10144 | Gauntlet | Found a transporter.
 10145 | Gauntlet | Found a transporter.
 10153 | Gauntlet | Found a transporter.
 10156 | Gauntlet | Found a transporter.
 10157 | Gauntlet | Found a transporter.
 10168 | Gauntlet | Found a transporter.
 10169 | Gauntlet | Found a transporter.
 10174 | Gauntlet | Noticed a death scarab
 10176 | Gauntlet | Noticed a death scarab
 10178 | Gauntlet | Found a transporter.
 10180 | Gauntlet | Found a transporter.
 10181 | Gauntlet | Found a transporter.
 10183 | Gauntlet | Noticed a ghost crab
 10194 | Gauntlet | Found a transporter.
 10231 | Gauntlet | Found a transporter.
 10426 | Gauntlet | Killed a tengu warrior
 10884 | Gauntlet | Noticed a minotaur
 10899 | Gauntlet | Killed a minotaur
 10905 | Gauntlet | Found the +7 great mace "Undeadhunter" {deathbane, rN+}
 11256 | Lair:1   | Reached XP level 12. HP: 81/81 MP: 16/16
 11262 | Lair:1   | Reached skill level 12 in Shapeshifting
 11409 | Lair:1   | Noticed a death yak
 11410 | Lair:1   | Noticed a death yak
 11412 | Lair:1   | Noticed a death yak
 11437 | Lair:1   | Killed a death yak
 11750 | Lair:1   | Got the Directory of the Sun and the Glacier
 11847 | Lair:1   | Killed a death yak
 11847 | Lair:1   | Noticed a death yak
 12115 | Lair:1   | Killed a death yak
 12168 | Lair:1   | Found a runed translucent gate.
 12168 | Lair:1   | Found a runed translucent gate.
 12168 | Lair:1   | Found a runed translucent gate.
 12168 | Lair:1   | Noticed Xoff's ghost (journeyman GnCj)
 12189 | Lair:1   | Killed Xoff's ghost
 12468 | Lair:2   | Noticed Konar's ghost (journeyman CoHu)
 12468 | Lair:2   | Reached **** piety under the Shining One
 12474 | Lair:2   | Found a bloodstained altar of Trog.
 12494 | Lair:2   | Found a transporter.
 12514 | Lair:2   | Found a transporter.
 12565 | Lair:2   | Reached skill level 13 in Shapeshifting
 12633 | Lair:2   | Found a hole to the Spider Nest.
 12633 | Lair:2   | Noticed a catoblepas
 12649 | Lair:2   | Killed a catoblepas
 13287 | Lair:3   | Noticed Sonja
 13296 | Lair:3   | Killed Sonja
 13297 | Lair:3   | Reached skill level 14 in Shapeshifting
 13339 | Lair:3   | Noticed a catoblepas
 13410 | Lair:3   | Reached XP level 13. HP: 73/88 MP: 18/18
 14179 | Lair:3   | Found a staircase to the Shoals.
 14260 | Lair:3   | Reached skill level 15 in Shapeshifting
 14880 | Lair:3   | Reached skill level 16 in Shapeshifting
 15453 | Lair:4   | Found a viscous altar of Jiyva.
 15497 | Lair:4   | Found a staircase to the Slime Pits.
 16138 | Lair:4   | Identified the +6 hand axe "Dragonslayer" {antimagic, rCorr
                  | Int-5 Dex+6}
 16700 | Lair:5   | Entered Level 5 of the Lair of Beasts
 16810 | Lair:5   | Reached XP level 14. HP: 93/93 MP: 19/19
 16858 | Lair:5   | Reached skill level 17 in Shapeshifting
 17444 | Lair:5   | Reached ***** piety under the Shining One
 18218 | Lair:5   | Reached skill level 18 in Shapeshifting
 19295 | Lair:5   | Identified the ring "Lyinouzu" {^Drain rCorr Slay+5}
 19436 | Lair:5   | Found a corrupted altar of Lugonu.
 19436 | Lair:5   | Found a one-way gate to the infinite horrors of the Abyss.
 20003 | D:11     | Identified the scarf "Seurar" {harm, Dex+3}
 20842 | D:12     | Found the +18 shield of the Gong {Loud rN+ Will+ rCorr
                  | EV-5}
 21630 | D:12     | Reached XP level 15. HP: 37/99 MP: 21/21
 22073 | D:12     | Reached skill level 19 in Shapeshifting
 22549 | D:13     | Found a gate to the Vaults.
 22689 | D:9      | Killed Mulldrifter's ghost
 22697 | D:9      | Killed senseless's ghost
 22701 | D:9      | Killed Konar's ghost
 22801 | Orc:1    | Entered Level 1 of the Orcish Mines
 22910 | Orc:2    | Entered Level 2 of the Orcish Mines
 23296 | Orc:2    | Paralysed by an ogre mage for 2 turns
 23815 | Orc:2    | Reached skill level 20 in Shapeshifting
 23975 | Orc:2    | Found Kiuco's Magic Scroll Emporium.
 24021 | Orc:2    | Found Somnad's Armour Shoppe.
 24038 | Orc:2    | Found Askeg's Distillery.
 24044 | Orc:2    | Found Ibbu's Armour Emporium.
 24046 | Orc:2    | Bought a potion of attraction for 48 gold pieces
 24046 | Orc:2    | Bought a potion of might for 64 gold pieces
 24046 | Orc:2    | Bought a potion of might for 64 gold pieces
 24057 | Orc:2    | Bought a scroll of fear for 56 gold pieces
 24109 | Orc:2    | Noticed Erolcha
 24113 | Orc:2    | Killed Erolcha
 24271 | Orc:2    | Found a shimmering altar of Xom.
 24402 | Orc:2    | Found Qyn Sid's General Store.
 24433 | Orc:2    | Found a staircase to the Elven Halls.
 24439 | Orc:2    | Bought a scroll of teleportation for 42 gold pieces
 24439 | Orc:2    | Bought a potion of heal wounds for 70 gold pieces
 25109 | Spider:1 | Entered Level 1 of the Spider Nest
 25256 | Spider:1 | Reached ****** piety under the Shining One
 25549 | Spider:1 | Reached XP level 16. HP: 78/104 MP: 23/23
 25759 | Spider:2 | Reached skill level 21 in Shapeshifting
 26017 | Spider:2 | Reached skill level 10 in Unarmed Combat
 26459 | Spider:2 | Identified the +6 hand axe "Embalmer" {drain, Fly rElec
                  | rF+}
 27218 | Spider:3 | Identified the serpent talisman of Jefyhaul {rCorr}
 27218 | Spider:3 | Noticed Aizul
 27227 | Spider:3 | Killed Aizul
 27734 | Spider:3 | Noticed Arachne
 27747 | Spider:3 | Killed Arachne
 27995 | Spider:4 | Entered Level 4 of the Spider Nest
 28985 | Spider:4 | Reached XP level 17. HP: 79/113 MP: 24/24
 29781 | Spider:4 | Got a gossamer rune of Zot
 30028 | Shoals:1 | Entered Level 1 of the Shoals
 30035 | Shoals:1 | Reached skill level 22 in Shapeshifting
 30161 | Shoals:1 | Noticed Mlioglotl
 30168 | Shoals:1 | Killed Mlioglotl
 30348 | Shoals:1 | Reached skill level 10 in Fighting
 30379 | Shoals:1 | Noticed Louise
 30408 | Shoals:1 | Killed Louise
 30554 | Shoals:1 | Reached skill level 10 in Dodging
 31109 | Shoals:2 | Noticed Polyphemus
 31123 | Shoals:2 | Killed Polyphemus
 31684 | Shoals:2 | Noticed Donald
 31685 | Shoals:2 | Killed Donald
 32069 | Shoals:3 | Noticed Jorgrun
 32078 | Shoals:3 | Killed Jorgrun
 32296 | Shoals:3 | Reached XP level 18. HP: 103/122 MP: 25/25
 32975 | Shoals:3 | Noticed Nikola
 32983 | Shoals:3 | Killed Nikola
 32992 | Shoals:3 | Noticed Ilsuiw
 33205 | Shoals:3 | Killed Ilsuiw
 33260 | Shoals:3 | Noticed Roxanne
 33277 | Shoals:3 | Killed Roxanne
 33573 | Shoals:4 | Entered Level 4 of the Shoals
 34282 | Shoals:4 | Reached skill level 10 in Invocations
 34618 | Shoals:4 | Identified the +5 great mace "Cuotiece" {pain, *Corrode
                  | rElec Int+2 Dex+3}
 34724 | Shoals:4 | Got a barnacled rune of Zot
 35196 | D:13     | Identified a scroll of acquirement
 35206 | D:13     | Acquired the ring "Obeihowa" {Wiz Int+3}
 35249 | D:13     | Reached skill level 23 in Shapeshifting
 35466 | D:13     | Reached skill level 1 in Ice Magic
 35470 | D:13     | Reached skill level 1 in Earth Magic
 36458 | D:14     | Found a radiant altar of Vehumet.
 36876 | D:15     | Entered Level 15 of the Dungeon
 37107 | D:15     | Found a staircase to the Depths.
 37292 | D:15     | Reached XP level 19. HP: 130/131 MP: 27/27
 37881 | Elf:1    | Entered Level 1 of the Elven Halls
 38034 | Elf:1    | Found a glacial archway.
 38045 | IceCv    | Entered an ice cave
 38060 | IceCv    | Found a transporter.
 38073 | IceCv    | Found a transporter.
 38530 | Abyss:2  | Found a corrupted altar of Lugonu.
 38530 | Abyss:2  | Cast into level 2 of the Abyss (a deep elf sorcerer)
 38673 | Abyss:2  | Noticed a bone dragon
 38692 | Abyss:2  | Killed a bone dragon
 38774 | Abyss:2  | Found a corrupted altar of Lugonu.
 39200 | Abyss:2  | Reached skill level 5 in Ice Magic
 39242 | Abyss:2  | Reached skill level 5 in Earth Magic
 39432 | Abyss:3  | Noticed a bone dragon
 39446 | Abyss:3  | Killed a bone dragon
 39457 | Abyss:3  | Reached XP level 20. HP: 60/111 MP: 23/23
 39521 | Abyss:3  | Got an abyssal rune of Zot
 39552 | Elf:1    | Escaped the Abyss
 39848 | Elf:1    | Got Rompywis's Compilation of Cooperative Force
 40122 | Elf:2    | Found a runed translucent door.
 40252 | Elf:2    | Found a runed translucent gate.
 40252 | Elf:2    | Found a runed translucent gate.
 40252 | Elf:2    | Found a runed translucent gate.
 41555 | Elf:3    | Entered Level 3 of the Elven Halls
 41592 | Elf:3    | Found Wuezi's Armour Shoppe.
 41918 | Elf:3    | HP: 3/140 [deep elf elementalist/blast of rock fragments
                  | (31)]
 41918 | Elf:3    | Killed from afar by a deep elf elementalist

Illustrated notes

Levels and vault maps discovered:
D:1:      minmay_arrival_solitary_statue, layout_basic, serial_shops,
          nicolae_shop_pleasant_corner_grove, shop, nicolae_shop_crystal,
          shop_statue, shop
D:2:      minmay_angry_zag, layout_basic, serial_shops, shop, minmay_bisected,
          uniq_natasha
D:3:      layout_basic, cheibrodos_sewer_entry_drain, amethyst_killhole,
          grunt_decor_one_mirror, dk_noncrumbling_3, hex_tiny
D:4:      minmay_evil_eye, layout_cave_pools, elyvilon_altar_5
D:5:      layout_basic
D:6:      layout_basic, mainiacjoe_overflow_chevrons,
          mainiacjoe_overflow_catch_the_wave, serial_shops, kennysheep_mini
D:7:      layout_loops_ring, mainiacjoe_overflow_boulevard,
          grunt_dithmenos_smoke_and_mirrors, minmay_temple_entry_waves,
          uniq_menkaure
D:8:      layout_rooms, amcnicky_altar_gilded, ashenzari_altar_1,
          dpeg_lair_monsters, serial_shops, shop, kennysheep_mini_moat
D:9:      layout_big_octagon, mainiacjoe_overflow_paths,
          gammafunk_ghost_cemetery
D:10:     layout_basic, david_orc_5, serial_shops, shop, nicolae_shop_peninsula,
          minmay_orc_keep
D:11:     layout_irregular_city
D:12:     layout_rooms, lemuel_freeze_loot_1
D:13:     layout_basic, lightli_vaults_fourway_checkpoint
D:14:     layout_loops_corners, vehumet_crystals
D:15:     hangedman_depths_entry_try_elsewhere_first, layout_basic,
          serial_park_fountain
Temple:   hellmonk_temple_forest_ring
Lair:1:   layout_roguey, ebering_ghost_rock_garden, gauntlet_entry_generic,
          infiniplex_staircase_pool_2, lemuel_fruit_fields
Lair:2:   layout_regular_city, dummy_spider_entry,
          gammafunk_ghost_wrathful_warriors, chequers_serial_rivers_micro_a
Lair:3:   layout_gridlike, mainiacjoe_shoals_entry_four_pools, dpeg_oklob_1,
          uniq_sonja
Lair:4:   layout_cave_pods, nicolae_slime_entry_slimehenge
Lair:5:   hellmonk_lair_end_abyssal_woods, layout_layer_cave,
          serial_bayou_ford_a
Shoals:1: layout_shoals, nicolae_shoals_spectral_cove, uniq_mlioglotl,
          uniq_louise
Shoals:2: layout_shoals, st_cyclops, uniq_polyphemus, uniq_donald
Shoals:3: layout_shoals, uniq_ilsuiw, uniq_nikola, uniq_jorgrun, uniq_roxanne
Shoals:4: shoals_end_hellmonk_lost_city
Spider:1: layout_spider_delve
Spider:2: layout_spider_delve
Spider:3: layout_spider_delve, nicolae_orb_stairs, uniq_arachne, uniq_aizul
Spider:4: grunt_spider_rune_parallel
Orc:1:    layout_caves
Orc:2:    st_orc_open, layout_caves, serial_shops, nicolae_shop_trees,
          regret_index_xom_of_box, uniq_erolcha
Elf:1:    layout_geoelf_grid, portal_ice_cave_entry_dragon, minmay_elf_sorcery,
          lemuel_flamethrower_2
Elf:2:    elven_hall_of_blades_hangedman_original
          [infiniplex_blade_entry_pillars], layout_gridlike,
          corexii_hall_statues_x, minivault_13
Elf:3:    minmay_elf_hall_four_x, layout_geoelf_diagonals, serial_glass,
          glass_columns_a, glass_columns_b, glass_columns_b, glass_columns_c,
          glass_columns_a, glass_columns_c, glass_columns_a, glass_columns_b,
          serial_shops, shop

Skill      XL: |  1  2  3  4  5  6  7  8  9 10 11 12 13 14 15 16 17 18 19 20 |
---------------+-------------------------------------------------------------+-----
Fighting       | 2 3 4 5 7 9 10 11 12 13 | 13.3
Shapeshifting  | 4 5 7 9 10 11 14 16 18 20 21 22 23 | 23.5
Unarmed Combat | 4 5 6 8 9 10 12 13 14 | 14.8
Dodging        | 3 4 5 7 9 10 11 12 13 | 13.2
Invocations    | 2 4 6 8 9 10 11 12 | 12.0
Ice Magic      | 2 5 6 |  6.9
Earth Magic    | 2 5 6 |  6.8

Action                     |  1- 3 |  4- 6 |  7- 9 | 10-12 | 13-15 | 16-18 | 19-21 || total
---------------------------+-------+-------+-------+-------+-------+-------+-------++-------
  Melee: Unarmed           |    45 |   123 |   159 |   441 |   914 |   781 |   546 ||  3009
         Constrict         |    20 |    34 |    45 |   118 |   163 |       |       ||   380
         Tentacles         |    13 |    23 |    11 |       |       |       |       ||    47
         Punch             |     1 |     6 |     3 |       |    19 |    89 |    53 ||   171
 Invoke: Divine Shield     |       |       |     1 |     2 |     4 |     4 |    11 ||    22
         Summon Divine War |       |       |       |       |     1 |     1 |     2 ||     4
Ability: Blinkbolt         |       |       |       |       |     4 |    31 |     7 ||    42
  Evoke: Wand              |       |       |     3 |     4 |    10 |     2 |     2 ||    21
         Lightning rod     |       |       |       |       |       |       |     4 ||     4
    Use: Scroll            |       |     6 |     1 |    13 |    12 |     7 |     2 ||    41
         Potion            |       |     1 |     3 |     3 |     2 |     2 |     5 ||    16
   Stab: Sleeping          |     5 |    14 |     3 |       |       |       |       ||    22
 Armour: Skin              |    16 |    35 |   104 |   238 |   450 |   241 |   102 ||  1186
  Dodge: Dodged            |    25 |    76 |    88 |   222 |   680 |  1118 |   485 ||  2694
  Block: Other             |       |       |     1 |     6 |    25 |    12 |   119 ||   163
         Reflection        |       |       |       |       |       |       |    16 ||    16
   Form: Serpent           |       |       |     1 |       |       |       |       ||     1
         Storm             |       |       |       |       |     1 |     1 |       ||     2
         Statue            |       |       |       |       |       |     1 |       ||     1

Table legend: (Time is in decaauts)
 A = Elapsed time spent in this place.
 B = Non-inter-level travel time spent in this place.
 C = Inter-level travel time spent in this place.
 D = Time resting spent in this place.
 E = Time spent auto-exploring this place.
 F = Levels seen in this place.
 G = Mean time per level.
                   A        B        C        D        E       F      G
               +--------+--------+--------+--------+--------+-----+--------+
         Total |  41461 |  38780 |   2681 |   3575 |  26952 |  39 | 1063.1 |
       Dungeon |  15431 |  13975 |   1456 |    947 |  10787 |  15 | 1028.7 |
        Temple |     25 |      9 |     16 |      0 |      0 |   1 |   25.0 |
          Lair |   8975 |   8246 |    729 |    722 |   5698 |   5 | 1795.0 |
        Shoals |   4957 |   4801 |    156 |    529 |   3315 |   4 | 1239.2 |
   Spider Nest |   4807 |   4599 |    208 |    723 |   2975 |   4 | 1201.8 |
  Orcish Mines |   2159 |   2067 |     92 |    280 |   1159 |   2 | 1079.5 |
   Elven Halls |   2849 |   2826 |     23 |      0 |   2135 |   3 |  949.7 |
         Abyss |    960 |    960 |      0 |      0 |    348 |   2 |  480.0 |
         Sewer |    214 |    214 |      0 |      0 |    175 |   1 |  214.0 |
      Ice Cave |     97 |     97 |      0 |      0 |     13 |   1 |   97.0 |
      Gauntlet |    982 |    982 |      0 |    374 |    346 |   1 |  982.0 |
               +--------+--------+--------+--------+--------+-----+--------+

Top non-repeatable levels by time:
  Lair:5: 2656 daAuts
  Lair:2: 1779 daAuts
   Orc:2: 1614 daAuts
Spider:4: 1597 daAuts
  Lair:3: 1589 daAuts
  Lair:1: 1540 daAuts
   Elf:2: 1536 daAuts
Shoals:3: 1504 daAuts
    D:11: 1431 daAuts
  Lair:4: 1409 daAuts
Shoals:4: 1378 daAuts
     D:5: 1368 daAuts
    D:12: 1338 daAuts
Spider:3: 1183 daAuts
     D:7: 1178 daAuts
